 Dungeon Crawl Stone Soup version 0.27.1-15-g792fb953b9 (webtiles) character file.

Game seed: 16181534662492706166

35 spaced the Insei (level 3, -2/28 HPs)
             Began as a Draconian Transmuter on Nov 19, 2021.
             Was a Follower of Elyvilon.
             Slain by an endoplasm (3 damage)
             ... on level 1 of the Dungeon.
             The game lasted 00:07:00 (1322 turns).

spaced the Insei (Draconian Transmuter)             Turns: 1322, Time: 00:07:01

Health: -2/28      AC:  6    Str: 12    XL:     3   Next: 17%
Magic:  5/6        EV:  9    Int: 13    God:    Elyvilon [*.....]
Gold:   56         SH:  0    Dex: 12    Spells: 3/6 levels left

rFire    . . .     SeeInvis .     - Unarmed
rCold    . . .     Faith    .   (no shield)
rNeg     . . .     Spirit   .   (armour unavailable)
rPois    .         Reflect  .   (helmet restricted)
rElec    .         Harm     .   (no cloak)
rCorr    .         Rampage  .   g - +0 pair of gloves
Will     .....                  (no boots)
Stlth    +.........             (no amulet)
HPRegen  0.09/turn              (no ring)
MPRegen  0.10/turn              (no ring)

@: wereblooded (expiring), constricted
A: AC +5, unfitting armour, cold-blooded
a: Renounce Religion, Lesser Healing, Divine Protection


You were on level 1 of the Dungeon.
You worshipped Elyvilon.
Elyvilon was aware of your devotion.
You visited 1 branch of the dungeon, and saw 2 of its levels.

You collected 56 gold pieces.

Inventory:

Hand Weapons
 b - a +0 hunting sling
Missiles
 c - a throwing net
Armour
 g - a +0 pair of gloves (worn)
Jewellery
 d - a +4 ring of evasion
Potions
 a - a potion of flight {unknown}
 f - a potion of attraction {unknown}


   Skills:
 + Level 1.1 Fighting
 + Level 2.0 Dodging
 + Level 3.7 Unarmed Combat
 + Level 2.3 Spellcasting
 + Level 2.1 Transmutations


You had 3 spell levels left.
You knew the following spells:

 Your Spells              Type           Power      Damage    Failure   Level
a - Beastly Appendage     Tmut           14%        N/A       11%         1
b - Wereblood             Tmut           7%         N/A       16%         2

Your spell library contained the following spells:

 Spells                   Type           Power      Damage    Failure   Level
 Spider Form              Tmut/Pois      2%         N/A       43%         3
 Ice Form                 Ice/Tmut       4%         N/A       85%         4


Dungeon Overview and Level Annotations

Branches:
Dungeon (2/15)

Altars:
Elyvilon


Innate Abilities, Weirdness & Mutations

Your plain brown scales are hard. (AC +5)
You cannot fit into any form of body armour.
You are cold-blooded and may be slowed by cold attacks.


Message History

You are frozen.
You feel yourself slow down. The jackal barely misses you.
The ball python barely misses you. The ball python grabs you.
The ball python constricts you. The kobold hits you with a +0 club.
* * * LOW HITPOINT WARNING * * *
You escape the ball python's grasp.
You howl as the wereblood boils in your veins!
You feel yourself speed up. The jackal barely misses you.
The endoplasm hits you.
* * * LOW HITPOINT WARNING * * *
The kobold completely misses you. The kobold hits you but does no damage.
The ball python bites you but does no damage.
The ball python barely misses you. The jackal bites you.
* * * LOW HITPOINT WARNING * * *
The endoplasm freezes you.
You are frozen.
Elyvilon protects you from harm!
You feel yourself slow down. The kobold completely misses you.
You climb upwards.
You howl as the wereblood boils in your veins!
You feel yourself speed up.
There is a stone staircase leading down here.
You howl as the wereblood boils in your veins!
The ball python bites you but does no damage.
The ball python closely misses you.
The kobold throws a stone.
The stone barely misses you. The jackal closely misses you.
You howl as the wereblood boils in your veins!
Your primal bloodlust is almost over.
The ball python bites you but does no damage.
The ball python barely misses you. The ball python bites you.
* * * LOW HITPOINT WARNING * * *
The ball python grabs you. The ball python constricts you.
Casting: Wereblood (safe; 16% risk of failure)
Confirm with . or Enter, or press ? or * to list all spells.
Okay, then.
As you read the scroll labelled PYCEGA KAKIBLO, it crumbles to dust.
You speak a Word of immense power!
It was a scroll of holy word.
The jackal bites you but does no damage.
The ball python bites you but does no damage.
The ball python constricts you. The endoplasm hits you.
You die...

#......# #......... #......#
#.........
#......#############.........
##.................##.........
####..................'..........
........###...........###........
###.....# #....K......# #####....
#....## #...KShJ....# #....
###### ######@.....# #....
#....#########.... #....#
#.......... #....# #......####
#....# #......# #....#######'####
#....##.........#
#....##.)...)...#
##########....##.........##


You could see an endoplasm, a jackal, a ball python and 2 kobolds.

Vanquished Creatures
  A worm (D:2)
  3 bats
  5 endoplasms (D:1)
  4 giant cockroaches
  3 goblins
  A hobgoblin (D:1)
  A jackal (D:2)
  3 quokkas
  5 ball pythons
  2 rats (D:1)
28 creatures vanquished.

Notes
Turn   | Place    | Note
-------+----------+-------------------------------------------
     0 | D:1      | spaced the Draconian Transmuter began the quest for the
                  | Orb.
     0 | D:1      | Reached XP level 1. HP: 16/16 MP: 3/3
   177 | D:1      | Reached XP level 2. HP: 15/23 MP: 3/5
   409 | D:1      | Found a faded altar of an unknown god.
   420 | D:1      | Became a worshipper of Elyvilon the Healer
   420 | D:1      | Reached * piety under Elyvilon
  1136 | D:2      | Learned a level 2 spell: Wereblood
  1174 | D:2      | Reached XP level 3. HP: 8/28 MP: 2/6
  1318 | D:2      | Elyvilon protects you from harm!
  1321 | D:1      | HP: 1/28 [ball python (1)]
  1322 | D:1      | Slain by an endoplasm

Illustrated notes

Levels and vault maps discovered:
D:1:      erik_arrival_orb_chamber, layout_basic,
          hellmonk_ecumenical_altar_slurped_away
D:2:      layout_rooms, chequers_decorated_corner, minivault_11, minmay_vboxes

Skill      XL: |  1  2  3 |
---------------+----------+-----
Dodging        | 2 |  2.0
Fighting       | |  1.1
Unarmed Combat | |  3.7
Spellcasting   | |  2.3
Transmutations | |  2.1

Action                   || total
-------------------------++-------
Melee: Unarmed           ||    78
       Kick              ||     7
       Headbutt          ||     7
       Tailslap          ||     6
       Punch             ||     1
 Cast: Beastly Appendage ||    10
       Wereblood         ||     2
Invok: Lesser Healing    ||     1
  Use: Scroll            ||     1
Armor: Skin              ||    51
Dodge: Dodged            ||    81
